 Dungeon Crawl Stone Soup version 0.32-a0-876-gcfddb08e57 (webtiles) character file.

Game seed: 999751386898901107

156 Autsider the Magician (level 5, 0/53 HPs)
             Began as an Oni Hedge Wizard on Apr 1, 2024.
             Slain by an orc
             ... wielding a +0 hand axe
              (6 damage)
             ... on level 4 of the Dungeon.
             The game lasted 00:08:58 (3481 turns).

Autsider the Magician (Oni Hedge Wizard)            Turns: 3481, Time: 00:08:58

Health: 0/53       AC:  1    Str: 14    XL:     5   Next: 37%
Magic:  5/11       EV:  8    Int: 17    God:
Gold:   194        SH:  0    Dex:  8    Spells: 4/12 levels left

rFire   . . .        h - +0 club
rCold   . . .        (no shield)
rNeg    . . .        (body armour restricted)
rPois   .            c - +0 hat
rElec   .            (no cloak)
rCorr   .            (gloves unavailable)
SInv    .            (boots unavailable)
Will    .....        p - amulet of the acrobat
Stlth   +            (no ring)
HPRegen 0.28/turn    (no ring)
MPRegen 0.12/turn

%: acrobat
@: no status effects
A: large, unfitting armour, horns 1, tough skin 1, double potion healing,
drunken brawling
a: Convert to Beogh


You were on level 4 of the Dungeon.
You visited 1 branch of the dungeon, and saw 4 of its levels.

You collected 194 gold pieces.

Inventory:

Hand Weapons
 h - a +0 club (weapon)
Armour
 c - a +0 hat (worn)
Jewellery
 p - an amulet of the acrobat (around neck)
Talismans
 g - a flux talisman
Scrolls
 a - 2 scrolls of fear {unknown}
 e - a scroll of enchant armour {unknown}
 f - 4 scrolls of identify {unknown}
 j - a scroll of butterflies {unknown}
 n - a scroll of silence {unknown}
 o - a scroll of noise {unknown}
Potions
 b - a potion of brilliance {unknown}
 d - a potion of magic
 i - 2 potions of lignification {unknown}
 k - a potion of might {unknown}
 l - a potion of degeneration {unknown}
 m - a potion of attraction {unknown}
 q - a potion of cancellation {unknown}
 r - a potion of curing {unknown}


   Skills:
 + Level 3.3 Fighting
 - Level 1.7 Dodging
 - Level 1.4 Stealth
 - Level 4.0 Spellcasting
 + Level 2.4 Conjurations
 + Level 2.4 Summonings
 - Level 0.8 Translocations
 + Level 0.2 Air Magic
 + Level 0.2 Alchemy


You had 4 spell levels left.
You knew the following spells:

 Your Spells              Type           Power      Damage    Failure   Level
a - Magic Dart            Conj           44%        1d5       6%          1
b - Mephitic Cloud        Conj/Alch/Air  6%         N/A       32%         3
z - Blink                 Tloc           12%        N/A       17%         2
A - Call Imp              Summ           22%        N/A       9%          2

Your spell library contained the following spells:

 Spells                   Type           Power      Damage    Failure   Level
 Slow                     Hex            12%        N/A       16%         1
 Cigotuvi's Dreadful Rot  Necr/Alch/Air  6%         N/A       22%         2


Dungeon Overview and Level Annotations

Branches:
Dungeon (4/15)
 Temple: D:4-7

Altars:

Shops:
D:1 :

Annotations:
D:3 3 runed translucent doors, Goblin1989's ghost, amateur DsSh


Innate Abilities, Weirdness & Mutations

You are too large for most types of armour.
You have a pair of small horns on your head.
You have tough skin. (AC +1)
You gain doubled healing and magic from potions.
Whenever you drink a healing potion, you attack all around you.


Message History

Your cerulean imp closely misses the orc priest.
You closely miss the orc priest. Your headbutt misses the orc priest.
The orc priest hits you with a +0 short sword.
* * * LOW HITPOINT WARNING * * *
The orc barely misses you.
The orc barely misses your cerulean imp.
Your cerulean imp hits the orc priest but does no damage.
The orc priest threatens, "Beogh's wrath is as vast as their mercy.
Make your choice!"
You barely miss the orc priest.
You headbutt the orc priest, but do no damage.
The orc hits you with a +0 hand axe.
* * * LOW HITPOINT WARNING * * *
The orc hits your cerulean imp with a +0 hand axe.
The orc priest closely misses you.
Your cerulean imp hits the orc priest with a -3 spear.
The orc misses you.
The orc hits your cerulean imp with a +0 hand axe.
The orc priest hits you with a +0 short sword.
* * * LOW HITPOINT WARNING * * *
Your cerulean imp closely misses the orc priest.
The orc priest closely misses you.
You closely miss the orc priest.
The orc priest is lightly wounded.
Your cerulean imp hits the orc priest with a -3 spear.
The orc priest shouts, "Beogh offers mercy even to people such as you.
Join us and be reborn!"
The orc priest hits you but does no damage.
The orc barely misses you.
Your cerulean imp completely misses the orc priest.
You barely miss the orc priest. You headbutt the orc priest.
The orc priest is lightly wounded.
The orc priest mumbles some strange prayers to Beogh against you.
Beogh smites you!
* * * LOW HITPOINT WARNING * * *
The orc hits you with a +0 hand axe.
* * * LOW HITPOINT WARNING * * *
Your cerulean imp hits the orc priest but does no damage.
You hit the orc priest but do no damage.
The orc priest is lightly wounded.
The orc priest barely misses you. The orc hits you with a +0 hand axe.
You die...

#.##.####.#####.#.#.#
#######.##.##.....###.#...#
#.......................#.#####
........##.##.#................
..#####.##.##.##..##..#.######
#.##.##....)##..#.#
#<.........###..#.##
####.####...##.....#
#......@......###
######5oo###### ##.## #.# #.#
#.# #.. #.# #.


You could see an orc priest (ally target), an orc and a friendly cerulean imp
(summoned).

Vanquished Creatures
  An orc wizard (D:4)
  3 gnolls
  An adder (D:3)
  3 dart slugs
  A ribbon worm (D:2)
  A bat (D:1)
  4 endoplasms
  A giant cockroach (D:3)
  7 goblins
  4 hobgoblins
  4 jackals (D:2)
  4 quokkas
  5 ball pythons
  A frilled lizard (D:1)
  5 kobolds
  3 rats
48 creatures vanquished.

Vanquished Creatures (collateral kills)
  A gnoll (D:2)
  2 adders (D:3)
  2 ribbon worms
5 creatures vanquished.

Grand Total: 53 creatures vanquished

Notes
Turn   | Place    | Note
-------+----------+-------------------------------------------
     0 | D:1      | Autsider the Oni Hedge Wizard began the quest for the Orb.
     0 | D:1      | Reached XP level 1. HP: 16/16 MP: 5/5
    95 | D:1      | Reached skill level 1 in Summonings
   156 | D:1      | Reached skill level 1 in Conjurations
   270 | D:1      | Found Hagar's Book Shop.
   389 | D:1      | Reached XP level 2. HP: 26/26 MP: 1/6
   504 | D:1      | Reached skill level 1 in Fighting
   845 | D:2      | Learned a level 2 spell: Call Imp
   901 | D:2      | Reached XP level 3. HP: 23/33 MP: 2/8
   952 | D:2      | Reached skill level 4 in Spellcasting
  1735 | D:3      | Reached XP level 4. HP: 39/44 MP: 0/10
  2122 | D:3      | Found a faded altar of an unknown god.
  2183 | D:3      | Found a runed translucent gate.
  2183 | D:3      | Found a runed translucent gate.
  2183 | D:3      | Found a runed translucent gate.
  2188 | D:3      | Noticed Goblin1989's ghost (amateur DsSh)
  2958 | D:2      | Reached XP level 5. HP: 41/53 MP: 1/11
  3462 | D:4      | Learned a level 2 spell: Blink
  3466 | D:4      | Learned a level 3 spell: Mephitic Cloud
  3481 | D:4      | Slain by an orc

Illustrated notes

Levels and vault maps discovered:
D:1:      eino_arrival_water_cross, layout_loops_ring, serial_shops,
          nicolae_shop_real_fake_doors, due_unseen_surprise
D:2:      layout_basic, minmay_split_cup_large
D:3:      layout_basic, hellmonk_ecumenical_altar_inner_sanctum,
          gammafunk_ghost_necromancy, minivault_11
D:4:      kennysheep_big_flooded_room, layout_loops_ring, uniq_sigmund,
          uniq_robin, uniq_menkaure

Skill      XL: |  1  2  3  4 |
---------------+-------------+-----
Summonings     | 1 2 |  2.4
Conjurations   | 1 2 |  2.4
Fighting       | 1 2 3 |  3.3
Spellcasting   | 4 |  4.0
Dodging        | |  1.7
Stealth        | |  1.4
Translocations | |  0.8
Air Magic      | |  0.2
Alchemy        | |  0.2

Action                     |  1- 3 |  4- 6 || total
---------------------------+-------+-------++-------
  Melee: Club              |    19 |    13 ||    32
         Headbutt          |     3 |     5 ||     8
   Cast: Magic Dart        |    70 |    75 ||   145
         Call Imp          |     7 |     6 ||    13
 Armour: Skin              |    34 |    33 ||    67
  Dodge: Dodged            |    16 |    27 ||    43

Table legend: (Time is in decaauts)
 A = Elapsed time spent in this place.
 B = Non-inter-level travel time spent in this place.
 C = Inter-level travel time spent in this place.
 D = Time resting spent in this place.
 E = Time spent auto-exploring this place.
 F = Levels seen in this place.
 G = Mean time per level.
                   A        B        C        D        E       F      G
               +--------+--------+--------+--------+--------+-----+--------+
         Total |   3489 |   3403 |     86 |    230 |   2504 |   4 |  872.2 |
       Dungeon |   3489 |   3403 |     86 |    230 |   2504 |   4 |  872.2 |
               +--------+--------+--------+--------+--------+-----+--------+

Top non-repeatable levels by time:
     D:3: 1291 daAuts
     D:2: 1287 daAuts
     D:1: 821 daAuts
     D:4: 88 daAuts
